 Dungeon Crawl Stone Soup version 0.25.0-15-gac7dcb8919 (console) character file.

Game seed: 10746314223338101441

52840 semitonal the Fighter (level 15, 0/117 HPs)
             Began as a Human Arcane Marksman on June 28, 2020.
             Was a Follower of Uskayaw.
             Killed from afar by an orc sorcerer (20 damage)
             ... with a bolt of negative energy
             ... on level 2 of the Orcish Mines.
             The game lasted 01:11:18 (33764 turns).

semitonal the Fighter (Human Arcane Marksman)      Turns: 33764, Time: 01:11:18

Health: 0/117      AC: 13    Str: 17    XL:     15   Next: 7%
Magic:  0/22       EV: 19    Int: 14    God:    Uskayaw [*.....]
Gold:   2225       SH: 11    Dex: 17    Spells: 16/16 levels left

rFire    . . .     SeeInvis +   b - +2 demon whip (venom)
rCold    . . .     Gourm    .   R - +0 kite shield (curse)
rNeg     . . .     Faith    .   C - +4 ring mail of Bijaiseh {rElec Dex+4 SInv}
rPois    .         Spirit   +   p - +0 helmet
rElec    +         Reflect  .   (no cloak)
rCorr    .         Harm     .   g - +1 pair of gloves
MR       +....                  (no boots)
Stlth    +++.......             y - amulet of guardian spirit
HPRegen  0.29/turn              z - +4 ring of evasion
MPRegen  0.18/turn              M - ring of Shadows {Umbra +Inv Stlth+}

@: lethally poisoned (0 -> -1), wreathed by umbra, studying Fighting, drained
A: no striking features
a: Stomp, Renounce Religion, Evoke Invisibility


You were on level 2 of the Orcish Mines.
You worshipped Uskayaw.
Uskayaw was aware of your devotion.
You were near starving.

You visited 4 branches of the dungeon, and saw 20 of its levels.
You also visited: Sewer and Ice Cave.

You collected 2701 gold pieces.
You spent 476 gold pieces at shops.


   Skills:
 + Level 10.5(9.8) Fighting
   Level 10.0(9.2) Short Blades
 - Level 10.0(9.2) Polearms
 - Level 5.0(4.3) Throwing
 + Level 5.9(5.3) Armour
 - Level 10.0(9.2) Dodging
 + Level 7.7(7.0) Shields
 - Level 1.0(0.4) Spellcasting
   Level 3.0(2.4) Hexes
 - Level 10.0(9.2) Invocations
 + Level 7.8(7.2) Evocations


You had 16 spell levels left.
You didn't know any spells.
Your spell library contained the following spells:

 Spells                   Type           Power        Failure   Level  Hunger
 Corona                   Hex            #......      45%         1    ##.....
 Slow                     Hex            #.......     58%         2    ###....
 Animate Skeleton         Necr           N/A          80%         1    ##.....
 Pain                     Necr           #...         80%         1    ##.....
 Sting                    Tmut/Pois      #...         80%         1    ##.....
 Poisonous Vapours        Pois/Air       #.....       90%         2    ###....
 Inner Flame              Hex/Fire       #.......     94%         3    ####...
 Portal Projectile        Hex/Tloc       #.....       94%         3    ####...
 Ignite Poison            Fire/Tmut/Pois #.......     99%         3    ####...
 Mephitic Cloud           Conj/Pois/Air  #.......     99%         3    ####...
 Vampiric Draining        Necr           #.........   99%         3    ####...
 Cause Fear               Hex            #.........   99%         4    #####..
 Animate Dead             Necr           N/A          100%        4    #####..
 Leda's Liquefaction      Hex/Erth       #.........   100%        4    #####..
 Olgreb's Toxic Radiance  Pois           #.......     100%        4    #####..
 Agony                    Necr           #.......     100%        5    ######.
 Irradiate                Conj/Tmut      #.........   100%        5    ######.
 Hydra Form               Tmut           #.........   100%        6    #######
 Statue Form              Tmut/Erth      #........    100%        6    #######
 Dragon Form              Tmut           #.........   100%        7    #######

Inventory:

Hand Weapons
 a - a +2 trident of flaming
 b - a +2 demon whip of venom (weapon)
 c - a +2 halberd of freezing
Missiles
 d - 6 throwing nets {=f}
 r - 15 javelins (quivered)
 A - 9 poisoned darts
Armour
 g - a +1 pair of gloves (worn)
 p - a +0 helmet (worn)
 C - the +4 ring mail of Bijaiseh (worn) {rElec Dex+4 SInv}

   It affects your dexterity (+4).
   It insulates you from electricity.
   It lets you see invisible.
 R - a cursed +0 kite shield (worn)
Jewellery
 l - an uncursed ring of protection from cold
 y - an amulet of guardian spirit (around neck)
 z - a +4 ring of evasion (left hand)
 B - an uncursed ring of protection from magic
 M - the ring of Shadows (right hand) {Umbra +Inv Stlth+}

   [ring of stealth]

   It lets you turn invisible.
   It makes you more stealthy.
 O - an uncursed ring of resist corrosion
 S - an uncursed ring of positive energy
Wands
 i - a wand of digging (3)
 k - a wand of polymorph (26)
 F - a wand of acid (3)
 G - a wand of iceblast (2)
 L - a wand of enslavement (6)
Scrolls
 j - 4 scrolls of remove curse
 m - 2 scrolls of enchant armour
 q - 7 scrolls of magic mapping
 s - 3 scrolls of teleportation {@r4}
 x - 4 scrolls of blinking
 D - 5 scrolls of enchant weapon
 E - a scroll of fog
 H - 8 scrolls of identify {@r1}
Potions
 e - 5 potions of curing {@q1}
 h - 4 potions of flight
 n - 3 potions of heal wounds {@q2}
 o - 7 potions of haste {@q3}
 t - a potion of magic
 u - 2 potions of mutation {!q}
 v - 5 potions of might
 w - 3 potions of stabbing
 I - 2 potions of invisibility
 J - a potion of ambrosia
 P - 2 potions of cancellation
 T - a potion of lignification {!q}
Books
 K - a manual of Fighting
Miscellaneous
 N - a phial of floods (inert)
 Q - 2 boxes of beasts
 V - a lightning rod (3/4)
Comestibles
 f - 22 rations

Dungeon Overview and Level Annotations

Branches:
Dungeon (11/15)            Temple (1/1) D:6            Lair (6/6) D:10
  Swamp (0/4) Lair:2        Snake (0/4) Lair:4        Slime (0/5) Lair:6
    Orc (2/2) D:11            Elf (0/3) Orc:2         Sewer (visited)
  IceCv (visited)

Altars:
Ashenzari
Cheibriados
Dithmenos
Elyvilon
Fedhas
Gozag
Hepliaklqana
Kikubaaqudgha
Makhleb
Nemelex Xobeh
Okawaru
Qazlal
Ru
Sif Muna
Trog
Uskayaw
Vehumet
Wu Jian
Xom
Yredelemnul
Zin
The Shining One
Jiyva

Shops:
D:8 =   Orc:2 *!

Annotations:
Lair:6 1 runed translucent door ..▒ ▒............. ▒▒3. ▒............. ... ▒............. ▒oo

▒....▒........ ..
▒▒4o▒▒▒............. ...
▒.o.o▒▒............. ▒.▒
▒o▒▒............. ▒.▒
▒▒o▒▒.........▒..▒ ▒.▒
▒▒p.▒▒........▒▒... ▒.▒
▒▒▒..▒▒▒.........▒▒..
...▒▒▒▒.▒▒▒▒...▒▒ ▒........▒▒▒▒.
▒...........▒▒▒ ▒........▒▒.▒▒
▒▒▒▒▒▒.▒▒▒▒▒▒ ▒.....▒.......
▒▒▒▒▒▒▒▒.▒▒▒▒▒▒▒▒▒▒▒.............
.................................
.................................
.................................


You could see an orc knight, an orc high priest and an orc sorcerer (extremely
poisoned).


Message History

The orc high priest barely misses you.
You miss the orc sorcerer.
The orc sorcerer is moderately wounded.
An orc warrior comes into view. It is wielding a +0 short sword.
The orc sorcerer hits you but does no damage.
You block the orc warrior's attack.
Unknown command.
You miss the orc sorcerer.
The orc sorcerer is moderately wounded.
You feel sick. You block the orc high priest's attack.
The orc sorcerer barely misses you.
An orc priest comes into view. It is wielding a +0 short sword.
The orc warrior hits you from afar with a +0 glaive!!
* * * LOW HITPOINT WARNING * * *
You hit the orc sorcerer.
The orc sorcerer looks as sick as possible!
The orc sorcerer is heavily wounded.
You feel sick.
The orc sorcerer hits you but does no damage.
You block the orc high priest's attack. The orc warrior barely misses you.
The orc sorcerer completely misses you.
You completely miss the orc sorcerer.
The orc sorcerer is heavily wounded.
You feel sick.
The orc sorcerer gestures at you while chanting.
The bolt of negative energy hits you!!
You feel drained.
You die...

Action                   |  1- 3 |  4- 6 |  7- 9 | 10-12 | 13-15 || total
-------------------------+-------+-------+-------+-------+-------++-------
Melee: Unarmed           |    43 |       |       |       |       ||    43
       Dagger            |    68 |   202 |   571 |   191 |    26 ||  1058
       Spear             |       |    42 |       |       |       ||    42
       Trident           |       |       |    45 |   738 |   995 ||  1778
       Demon whip        |       |       |       |       |   182 ||   182
 Fire: Hunting sling     |    27 |    33 |    13 |    22 |       ||    95
Throw: Javelin           |    12 |     5 |     4 |       |    14 ||    35
       Throwing net      |     2 |       |       |       |       ||     2
Invok: Stomp             |       |       |       |    28 |    67 ||    95
       Line Pass         |       |       |       |     5 |     3 ||     8
Evoke: Wand              |       |       |       |    23 |    16 ||    39
       Phial of floods   |       |       |       |       |     2 ||     2
       Lightning rod     |       |       |       |       |     7 ||     7
  Use: Scroll            |     2 |       |    20 |     7 |     6 ||    35
       Potion            |       |       |     1 |     4 |     1 ||     6
 Stab: Sleeping          |     1 |       |       |     4 |    14 ||    19
       Paralysed         |       |       |       |    38 |    47 ||    85
       Confused          |       |       |       |     3 |     3 ||     6
       Petrified         |       |       |       |       |     5 ||     5
       Petrifying        |       |       |       |       |     1 ||     1
  Eat: Chunk             |     2 |    10 |    10 |    27 |    31 ||    80
       Ration            |       |       |     2 |     8 |     7 ||    17
Armor: Robe              |    12 |       |       |       |       ||    12
       Ring mail         |    27 |    85 |   261 |   358 |   195 ||   926
Dodge: Dodged            |    79 |   168 |   426 |   704 |   943 ||  2320
Block: Kite shield       |       |       |       |       |   424 ||   424

Levels and vault maps discovered:
D:1:      dpeg_arrival_shelter, layout_loops_ring
D:2:      minmay_skewed_foursquare, layout_loops_corners, first_ration,
          minmay_cut_off
D:3:      layout_basic, uniq_terence
D:4:      layout_loops_ring, portal_sewer_entry_c
D:5:      layout_basic, nicolae_ru_sacrificial_ziggurat, uniq_menkaure,
          uniq_duvessa
D:6:      layout_basic, temple_doors_cd, basic_altar
D:7:      layout_basic, nicolae_overflow_hidden_temple, basic_altar,
          grunt_ogre_cave, minmay_misc_feat_doors, uniq_pikel
D:8:      layout_loops_ring, nicolae_overflow_crystal_walls, serial_shops,
          shop_statue, basic_altar, nicolae_tso_swordbearing_angel, uniq_joseph
D:9:      argonaut_augean_stables, layout_basic, kennysheep_mini_moat,
          overflow_temple_1_default
D:10:     layout_roguey, lair_entry_dummy, hive_lemuel, uniq_urug
D:11:     layout_grid_maze, orc_0_dummy, portal_ice_cave_entry_ice_beasts
Temple:   eino_temple_water
Lair:1:   layout_roguey, uniq_prince_ribbit2
Lair:2:   layout_cave_pods, nicolae_swamp_entry_splash_gauntlet,
          grunt_megastairs_2, uniq_harold
Lair:3:   layout_gridlike, ebering_ghost_disaster_area, grunt_megastairs_4
Lair:4:   layout_gridlike, minmay_snake_entry_guardpost_small,
          eino_house_with_fridge
Lair:5:   layout_cellular_growth, chequers_serial_rivers_small_b, worms_lemuel,
          serial_bayou_shore_b
Lair:6:   evilmike_catoblepas_cave, layout_regular_city, slime_altar_2,
          st_stairs_6, minmay_lair_oklob_chamber
Orc:1:    layout_diamond_mine
Orc:2:    st_orc_elflike, layout_caves, serial_shops, shop, basic_altar

Notes
Turn   | Place    | Note
-------+----------+-------------------------------------------
     0 | D:1      | semitonal the Human Arcane Marksman began the quest for the
                  | Orb.
     0 | D:1      | Reached XP level 1. HP: 15/15 MP: 2/2
   229 | D:1      | Reached XP level 2. HP: 21/21 MP: 3/3
   919 | D:1      | Reached skill level 2 in Fighting
   919 | D:1      | Reached XP level 3. HP: 25/27 MP: 4/4
  1689 | D:2      | Reached skill level 3 in Dodging
  1689 | D:2      | Reached XP level 4. HP: 34/34 MP: 5/5
  2381 | D:2      | Reached XP level 5. HP: 38/40 MP: 6/6
  2748 | D:2      | Reached skill level 3 in Fighting
  3170 | D:3      | Reached skill level 3 in Throwing
  3501 | D:3      | Noticed Terence
  3511 | D:3      | Killed Terence
  3882 | D:3      | Reached XP level 6. HP: 47/47 MP: 7/7
  3889 | D:3      | Reached skill level 1 in Armour
  4158 | D:3      | Reached skill level 4 in Dodging
  4683 | D:4      | Noticed an ogre
  4688 | D:4      | Killed an ogre
  4708 | D:4      | Reached XP level 7. HP: 30/53 MP: 4/8
  4800 | D:4      | Reached skill level 2 in Armour
  4810 | D:4      | Found a glowing drain.
  4904 | Sewer    | Entered a sewer
  5057 | Sewer    | Reached skill level 4 in Fighting
  5238 | Sewer    | Reached skill level 4 in Throwing
  5832 | D:4      | Reached skill level 3 in Armour
  5832 | D:4      | Reached XP level 8. HP: 49/61 MP: 6/9
  5903 | D:4      | Reached skill level 5 in Dodging
  6173 | D:4      | Reached skill level 5 in Fighting
  6563 | D:5      | Entered Level 5 of the Dungeon
  6656 | D:5      | Reached skill level 1 in Short Blades
  6656 | D:5      | Reached skill level 5 in Throwing
  6694 | D:5      | Got a warped ring mail
  6705 | D:5      | Identified the +4 ring mail of Bijaiseh {rElec Dex+4 SInv}
                  | (You found it on level 5 of the Dungeon)
  6723 | D:5      | Reached skill level 2 in Short Blades
  6834 | D:5      | Reached skill level 3 in Short Blades
  6855 | D:5      | Found a sacrificial altar of Ru.
  6855 | D:5      | Noticed Dowan
  6856 | D:5      | Noticed Duvessa
  6886 | D:5      | Killed Dowan
  6891 | D:5      | Killed Duvessa
  6891 | D:5      | Reached skill level 4 in Short Blades
  7434 | D:5      | Reached skill level 5 in Short Blades
  7551 | D:5      | Reached XP level 9. HP: 65/68 MP: 8/10
  7557 | D:5      | Noticed Menkaure
  7563 | D:5      | Killed Menkaure
  7625 | D:5      | Reached skill level 6 in Short Blades
  8067 | D:6      | Identified a +1 robe of the Archmagi
  8118 | D:6      | Found a shadowy altar of Dithmenos.
  8211 | D:6      | Reached skill level 7 in Short Blades
  8505 | D:6      | Found a staircase to the Ecumenical Temple.
  8519 | Temple   | Entered the Ecumenical Temple
  8704 | Temple   | Became a worshipper of Uskayaw the Reveler
  8911 | D:6      | Reached * piety under Uskayaw
  9245 | D:7      | Found a burning altar of Makhleb.
  9245 | D:7      | Found an opulent altar of Gozag.
  9275 | D:7      | Reached skill level 1 in Invocations
  9275 | D:7      | Reached ** piety under Uskayaw
  9362 | D:7      | Noticed Pikel
  9407 | D:7      | Killed Pikel
  9407 | D:7      | Reached skill level 3 in Invocations
  9640 | D:7      | Reached skill level 8 in Short Blades
  9691 | D:7      | Reached skill level 4 in Invocations
  9704 | D:7      | Reached XP level 10. HP: 64/74 MP: 11/13
  9761 | D:7      | Found an iron altar of Okawaru.
 10473 | D:7      | Reached skill level 5 in Invocations
 10638 | D:8      | Found a glowing golden altar of the Shining One.
 10677 | D:8      | Found a stormy altar of Qazlal.
 10874 | D:8      | Noticed a two-headed ogre
 10888 | D:8      | Killed a two-headed ogre
 10888 | D:8      | Reached skill level 9 in Short Blades
 10888 | D:8      | Reached skill level 6 in Invocations
 10944 | D:8      | Found a glowing golden altar of the Shining One.
 10980 | D:8      | Noticed Joseph
 11007 | D:8      | Killed Joseph
 11278 | D:8      | Reached *** piety under Uskayaw
 11283 | D:8      | Found Hawkoadd's Jewellery Shoppe.
 11663 | D:7      | Found a snail-covered altar of Cheibriados.
 11663 | D:7      | Found a radiant altar of Vehumet.
 11765 | D:9      | Reached skill level 7 in Invocations
 12095 | D:9      | Found a hazy altar of Hepliaklqana.
 12249 | D:9      | Found a shimmering blue altar of Sif Muna.
 12350 | D:9      | Reached skill level 10 in Short Blades
 12359 | D:9      | Reached skill level 1 in Polearms
 12359 | D:9      | Reached skill level 8 in Invocations
 12359 | D:9      | Reached XP level 11. HP: 31/79 MP: 1/17
 12459 | D:8      | Reached skill level 2 in Polearms
 12763 | D:9      | Paralysed by a hornet for 3 turns
 12771 | D:9      | Paralysed by a hornet for 3 turns
 13241 | D:9      | Reached skill level 3 in Polearms
 13247 | D:9      | Reached **** piety under Uskayaw
 13252 | D:9      | Reached ***** piety under Uskayaw
 13254 | D:9      | Reached skill level 4 in Armour
 13764 | D:10     | Entered Level 10 of the Dungeon
 13909 | D:10     | Reached skill level 4 in Polearms
 13935 | D:10     | Reached skill level 6 in Fighting
 13935 | D:10     | Reached skill level 6 in Dodging
 14143 | D:10     | Noticed Urug
 14432 | D:10     | Found a staircase to the Lair.
 14440 | D:10     | Got a translucent morningstar
 14781 | D:10     | Killed Urug
 14921 | D:10     | Identified the cursed +2 morningstar "Wohojur" {vorpal,
                  | Fragile rElec Str+5 Int-3} (You found it on level 10 of the
                  | Dungeon)
 15061 | D:11     | Found a staircase to the Orcish Mines.
 15100 | D:11     | Noticed a two-headed ogre
 15110 | D:11     | Killed a two-headed ogre
 15110 | D:11     | Reached skill level 5 in Armour
 15174 | D:11     | Found a frozen archway.
 15230 | D:11     | Reached skill level 5 in Polearms
 15465 | IceCv    | Entered an ice cave
 15592 | IceCv    | Reached skill level 7 in Fighting
 15592 | IceCv    | Reached skill level 7 in Dodging
 15592 | IceCv    | Reached XP level 12. HP: 67/91 MP: 9/18
 16390 | IceCv    | Reached skill level 6 in Polearms
 16430 | IceCv    | Noticed an ice dragon
 16430 | IceCv    | Noticed an ice dragon
 16468 | IceCv    | Killed an ice dragon
 16478 | IceCv    | HP: 7/92 [ice dragon (4)]
 16479 | IceCv    | Killed an ice dragon
 16997 | IceCv    | Found the ring of Shadows {Umbra +Inv Stlth+}
 17049 | IceCv    | Got a shimmering copper ring
 17136 | IceCv    | Identified the ring "Cizxair" {rElec rF- MR+ Slay+3} (You
                  | found it in an ice cave)
 17264 | D:10     | Reached skill level 8 in Dodging
 17267 | D:10     | Reached skill level 8 in Fighting
 18580 | Lair:1   | Entered Level 1 of the Lair of Beasts
 18606 | Lair:1   | Reached skill level 7 in Polearms
 19256 | Lair:1   | Noticed Prince Ribbit
 19437 | Lair:1   | Killed Prince Ribbit
 19769 | Lair:1   | Reached skill level 9 in Fighting
 19769 | Lair:1   | Reached skill level 9 in Dodging
 20117 | Lair:1   | Reached XP level 13. HP: 101/101 MP: 19/19
 20129 | Lair:1   | Reached skill level 8 in Polearms
 20439 | Lair:2   | Noticed Harold
 20448 | Lair:2   | Killed Harold
 21594 | Lair:2   | Found a staircase to the Swamp.
 22009 | Lair:3   | Reached skill level 9 in Polearms
 22056 | Lair:3   | Reached skill level 10 in Fighting
 22204 | Lair:3   | Reached skill level 10 in Dodging
 22279 | Lair:3   | Found a large runed translucent door.
 22280 | Lair:3   | Found a large runed translucent door.
 22283 | Lair:3   | Noticed Feulaj's ghost (journeyman MiBe)
 22840 | Lair:4   | Reached skill level 1 in Evocations
 22984 | Lair:4   | Reached skill level 1 in Shields
 23637 | Lair:4   | Reached skill level 2 in Evocations
 23784 | Lair:4   | Reached skill level 2 in Shields
 23784 | Lair:4   | Reached skill level 9 in Invocations
 24169 | Lair:4   | Found a staircase to the Snake Pit.
 24950 | Lair:5   | Noticed an eight-headed hydra
 24964 | Lair:5   | Killed an eight-headed hydra
 25217 | Lair:5   | Reached skill level 3 in Evocations
 25849 | Lair:5   | Noticed a minotaur
 25849 | Lair:5   | a tyrant leech changed into a minotaur
 25874 | Lair:5   | Killed a minotaur
 25874 | Lair:5   | Reached skill level 3 in Shields
 26174 | Lair:5   | Reached XP level 14. HP: 106/110 MP: 21/21
 26730 | Lair:6   | Entered Level 6 of the Lair of Beasts
 27028 | Lair:6   | Reached skill level 10 in Polearms
 27028 | Lair:6   | Reached skill level 4 in Evocations
 27408 | Lair:5   | Reached skill level 4 in Shields
 27603 | Lair:6   | Reached skill level 10 in Invocations
 27883 | Lair:6   | Reached skill level 5 in Evocations
 27906 | Lair:6   | Reached skill level 5 in Shields
 28852 | Lair:6   | Reached skill level 6 in Evocations
 28866 | Lair:6   | Reached skill level 6 in Shields
 29519 | Lair:6   | Found a runed translucent door.
 29521 | Lair:6   | Found a viscous altar of Jiyva.
 29521 | Lair:6   | Noticed an acid blob
 29524 | Lair:6   | Found a staircase to the Slime Pits.
 29524 | Lair:6   | Noticed an acid blob
 29632 | Lair:6   | Reached skill level 7 in Evocations
 29924 | Lair:6   | Reached skill level 7 in Shields
 31642 | Lair:3   | Killed Feulaj's ghost
 31862 | Orc:1    | Entered Level 1 of the Orcish Mines
 32400 | Orc:2    | Entered Level 2 of the Orcish Mines
 32478 | Orc:2    | Reached XP level 15. HP: 44/117 MP: 7/22
 32782 | Orc:2    | Found Cilatidd's Distillery.
 33452 | Orc:2    | Bought a potion of heal wounds for 85 gold pieces
 33452 | Orc:2    | Bought a potion of haste for 170 gold pieces
 33452 | Orc:2    | Bought a potion of haste for 170 gold pieces
 33452 | Orc:2    | Bought a potion of curing for 51 gold pieces
 33673 | Orc:2    | Found a staircase to the Elven Halls.
 33745 | Orc:2    | Found Neska's General Store.
 33764 | Orc:2    | Killed from afar by an orc sorcerer

Vanquished Creatures
  A minotaur (Lair:5)
  The ghost of Feulaj the Severer, a journeyman MiBe of Trog (Lair:3)
  2 ice dragons (IceCv)
  3 hydras
  Harold (Lair:2)
  3 catoblepae (Lair:6)
  2 two-headed ogres
  7 death yaks (Lair:6)
  Urug (D:10)
  Pikel (D:7)
  A necromancer (Lair:4)
  2 orc sorcerers
  4 oklob plants (Lair:6)
  An orc knight (Orc:2)
  2 manticores (Lair:6)
  Joseph (D:8)
  2 ice statues (IceCv)
  3 elephants (Lair:4)
  4 black mambas
  5 spiny frogs
  A torpor snail (Lair:5)
  A centaur skeleton (D:11)
  8 komodo dragons
  3 rime drakes
  A tyrant leech (Lair:5)
  A queen bee (D:10)
  A hornet (D:9)
  3 bog bodies (Lair:2)
  A dream sheep (Lair:6)
  6 blink frogs
  5 hippogriffs
  Prince Ribbit (Lair:1)
  70 yaks
  4 hungry ghosts
  Menkaure (D:5)
  A warg (Orc:2)
  5 swamp worms
  Duvessa (D:5)
  4 nagas (Lair:4)
  8 water moccasins
  3 porcupines
  26 ice beasts
  14 orc warriors
  A black bear (D:10)
  A slave (D:7)
  11 ogres
  5 wolves (Lair:6)
  A centaur (D:10)
  9 crocodiles
  7 bullfrogs
  A gnoll sergeant (D:7)
  A wyvern skeleton (D:11)
  A water moccasin skeleton (D:6)
  Dowan (D:5)
  10 killer bees (D:10)
  3 scorpions
  3 howler monkeys (D:10)
  4 wights (D:9)
  An electric eel (Lair:2)
  4 crimson imps
  A bullfrog zombie (D:6)
  A centaur zombie (D:10)
  4 jellies
  11 orc priests
  6 hounds
  17 orc wizards
  2 bullfrog skeletons
  Terence (D:3)
  An iguana (D:4)
  2 polar bear simulacra (Lair:4)
  4 yak simulacra (Lair:4)
  8 worker ants
  3 wolf simulacra (Lair:4)
  A hound zombie (D:5)
  A worker ant zombie (D:9)
  9 gnolls
  A howler monkey skeleton (D:8)
  14 adders
  5 river rats
  3 shadow imps
  An ooze (Sewer)
  An adder skeleton (D:9)
  5 worms
  4 dart slugs
  9 leopard geckos
  66 orcs
  13 bats
  9 giant cockroaches
  9 goblins
  14 hobgoblins
  12 jackals
  10 kobolds
  7 quokkas
  16 ball pythons
  7 frilled lizards
  A leopard gecko skeleton (D:6)
  33 rats
  2 river rat simulacra (Lair:4)
594 creatures vanquished.

Vanquished Creatures (others)
  A slave (D:7)
  3 orc wizards
  3 fungi
  10 plants
17 creatures vanquished.

Grand Total: 611 creatures vanquished
